 Dungeon Crawl Stone Soup version 0.20.1-1-g8b1a95d (webtiles) character file.

2083 McKennaii the Martial Artist (level 9, -3/54 HPs)
             Began as an Octopode Transmuter on Aug 13, 2017.
             Was an Initiate of Cheibriados.
             Slain by a wyvern zombie (13 damage)
             ... on level 7 of the Dungeon.
             The game lasted 00:14:47 (7626 turns).

McKennaii the Martial Artist (Octopode Transmuter)  Turns: 7626, Time: 00:14:47

Health: -3/54      AC:  1    Str: 10    XL:     9   Next: 27%
Magic:  14/14      EV: 14    Int: 20    God:    Cheibriados [......]
Gold:   207        SH:  0    Dex: 13    Spells: 9/15 levels left

rFire    . . .     SeeInvis +   C - +7 whip of Infinity {protect, *Corrode MR+++ SInv}
rCold    . . .     Gourm    +   (no shield)
rNeg     . . .     Faith    .   (helmet restricted)
rPois    .         Spirit   .   h - amulet of the gourmand
rElec    .         Reflect  .   m - +4 ring of slaying
rCorr    .         Harm     .   (no ring)
MR       +++..                  (no ring)
Stlth    ++++......             (no ring)
Regen    0.2/turn               (no ring)
MPRegen  0.2/turn               (no ring)
                                (no ring)
                                (no ring)

@: about to teleport, very slow
A: almost no armour, stealthy swim, amphibious, 8 rings, constrict 8, camouflage
1, gelatinous body 1
a: Bend Time, Renounce Religion


You were on level 7 of the Dungeon.
You worshipped Cheibriados.
Cheibriados was noncommittal.
You were not hungry.

You visited 2 branches of the dungeon, and saw 8 of its levels.

You collected 344 gold pieces.
You spent 137 gold pieces at shops.

Inventory:

Hand Weapons
 C - the +7 whip of Infinity (weapon) {protect, *Corrode MR+++ SInv}
   (You found it on level 6 of the Dungeon)

   It protects the one who uses it against injury (+AC on strike).
   It affects your resistance to hostile enchantments.
   It lets you see invisible.
   It may corrode you when you take damage.
Missiles
 a - 146 arrows
Magical Staves
 F - an uncursed staff of summoning
Jewellery
 d - an uncursed ring of fire
 h - an amulet of the gourmand (around mantle)
 m - a +4 ring of slaying (left tentacle)
Wands
 E - a wand of confusion (16/48)
Scrolls
 f - 2 scrolls of enchant armour {unknown}
 g - 2 scrolls of teleportation
 k - a scroll of amnesia {unknown}
 o - 2 scrolls of magic mapping {unknown}
 r - a scroll of remove curse
 t - a scroll of random uselessness {unknown}
 x - a scroll of immolation {unknown}
 y - 4 scrolls of identify
 z - a scroll of noise {unknown}
 G - a scroll of blinking
Potions
 e - 3 potions of cancellation {unknown}
 j - 2 potions of mutation {unknown}
 l - 2 potions of haste {unknown}
 n - a potion of brilliance {unknown}
 p - 5 potions of curing
 s - a potion of heal wounds {unknown}
 w - a potion of degeneration {unknown}
 A - a potion of flight {unknown}
 B - a potion of berserk rage {unknown}
 D - a potion of invisibility {unknown}
 H - a potion of experience {unknown}
Books
 b - a book of Changes

   Spells                             Type                      Level
   a - Beastly Appendage              Transmutation                1
   b - Sticks to Snakes               Transmutation                2
   c - Spider Form                    Transmutation/Poison         3
   d - Ice Form                       Ice/Transmutation            4
   e - Blade Hands                    Transmutation                5
 u - a book of Cantrips

   Spells                             Type                      Level
   a - Confusing Touch                Hexes                        1
   b - Animate Skeleton               Necromancy                   1
   c - Summon Small Mammal            Summoning                    1
   d - Apportation                    Translocation                1
Comestibles
 c - 7 bread rations
 i - 4 fruits
 q - 3 royal jellies
 v - 2 meat rations


   Skills:
 + Level 1.8 Fighting
 + Level 3.7 Dodging
 * Level 6.0 Stealth
 * Level 8.8 Unarmed Combat
 + Level 3.6 Spellcasting
 * Level 5.7 Transmutations
 + Level 1.0 Poison Magic


You had 9 spell levels left.
You knew the following spells:

 Your Spells              Type           Power        Failure   Level  Hunger
a - Beastly Appendage     Tmut           ####..       1%          1    None
b - Sticks to Snakes      Tmut           ####....     1%          2    ##.....
c - Spider Form           Tmut/Pois      ###.......   10%         3    ###....


Dungeon Overview and Level Annotations

Branches:
Dungeon (7/15)             Temple (1/1) D:6

Altars:
Ashenzari
Cheibriados
Dithmenos
Elyvilon
Fedhas
Hepliaklqana
Kikubaaqudgha
Makhleb
Nemelex Xobeh
Qazlal
Ru
Sif Muna
Trog
Uskayaw
Vehumet
Xom
Yredelemnul
The Shining One

Shops:
D:4 ?


Innate Abilities, Weirdness & Mutations

You cannot wear most types of armour.
You are very stealthy in the water. (Stealth+)
You are amphibious.
You can wear up to eight rings at the same time.
You can use your tentacles to constrict eight enemies at once.
Your skin changes colour to match your surroundings (Stealth+).
Your rubbery body absorbs attacks. (AC +1, EV +1)


Message History

The yak is heavily wounded.
The yak gores you but does no damage.
You hit the yak but do no damage.
The yak is heavily wounded.
You hear a blaring wail to the north.
You hear a shout! x3
You hear an angry growl.
You hear a shout!
You hear an angry hiss. x2
The yak gores you! x2; The yak gores you.
A yak comes into view.
The yak moves out of view.
The yak misses you.
You whack the wyvern zombie!
Your weapon exudes an aura of protection.
Your squeeze misses the wyvern zombie.
The wyvern zombie is lightly damaged.
The wyvern zombie bites you!
The wyvern zombie bites you but does no damage.
As you read the scroll of teleportation, it crumbles to dust.
You feel strangely unstable. The wyvern zombie bites you!
* * * LOW HITPOINT WARNING * * *
The wyvern zombie bites you!
You die...

#.........##..##
#...............
#.........####..
####...#### ##. #...# #.
#...# # ###.#####
##..#### ##.
.......Y##########).##..
... #Y.YYZ@.......##.#
#. #.#Y########.###.#
#.###.# #.# #.# ## #.#
#.###.# ## #.....#
####..# #######..####.#
........)....>#
######..######


You could see 5 yaks and a wyvern zombie.

Vanquished Creatures
  Prince Ribbit (D:5)
  A water moccasin (D:5)
  A phantom (D:7)
  2 ogres (D:5)
  7 centaurs
  3 scorpions
  A howler monkey (D:5)
  2 crimson imps (D:5)
  An orc priest (D:4)
  2 hounds (D:4)
  2 jellies (D:6)
  A quasit (D:7)
  A bullfrog skeleton (D:4)
  Natasha (thrice) (D:3)
  3 worker ants (D:4)
  3 gnolls (D:4)
  2 adders (D:4)
  2 shadow imps
  An ooze (D:4)
  A worm (D:2)
  4 dart slugs
  8 leopard geckos
  7 orcs
  3 ball pythons
  8 giant cockroaches
  9 goblins
  6 hobgoblins
  3 kobolds
  3 quokkas
  8 bats
  A frilled lizard (D:4)
  A leopard gecko skeleton (D:4)
  A quokka skeleton (D:5)
  2 rats
104 creatures vanquished.

Vanquished Creatures (collateral kills)
  3 ogres
  A hound (D:4)
  A gnoll (D:4)
5 creatures vanquished.

Grand Total: 109 creatures vanquished

Notes
Turn   | Place    | Note
-------+----------+-------------------------------------------
     0 | D:1      | McKennaii the Octopode Transmuter began the quest for the Orb.
     0 | D:1      | Reached XP level 1. HP: 13/13 MP: 3/3
   128 | D:1      | Reached XP level 2. HP: 7/18 MP: 5/5
   197 | D:1      | Learned a level 2 spell: Sticks to Snakes
   595 | D:2      | Reached XP level 3. HP: 20/23 MP: 6/6
   911 | D:2      | Reached skill level 4 in Unarmed Combat
  1368 | D:2      | Reached skill level 1 in Stealth
  1416 | D:2      | Reached XP level 4. HP: 28/28 MP: 7/7
  1704 | D:3      | Noticed Natasha
  1839 | D:3      | Killed Natasha
  1846 | D:3      | Noticed Natasha
  1865 | D:3      | Killed Natasha
  2049 | D:3      | Reached XP level 5. HP: 32/33 MP: 8/8
  2055 | D:3      | Found an ancient bone altar of Kikubaaqudgha.
  2255 | D:3      | Noticed Natasha
  2259 | D:3      | Killed Natasha
  2662 | D:4      | Noticed an ogre
  2671 | D:4      | Killed an ogre
  2671 | D:4      | Reached skill level 5 in Unarmed Combat
  2671 | D:4      | Reached XP level 6. HP: 38/38 MP: 1/9
  3392 | D:4      | Found Vanniss's Magic Scroll Shoppe.
  3400 | D:4      | Bought a scroll of blinking for 82 gold pieces
  3400 | D:4      | Bought a scroll of teleportation for 33 gold pieces
  3400 | D:4      | Bought a scroll of identify for 22 gold pieces
  3639 | D:3      | Reached XP level 7. HP: 25/43 MP: 3/10
  4423 | D:4      | Learned a level 3 spell: Spider Form
  4655 | D:5      | Entered Level 5 of the Dungeon
  4716 | D:5      | Reached skill level 6 in Unarmed Combat
  4886 | D:5      | Noticed Prince Ribbit
  5241 | D:5      | Reached XP level 8. HP: 42/48 MP: 9/12
  5530 | D:5      | Found a basalt altar of Yredelemnul.
  5532 | D:5      | Noticed a profane servitor
  5568 | D:5      | Killed Prince Ribbit
  5568 | D:5      | Reached skill level 5 in Stealth
  5568 | D:5      | Reached skill level 5 in Transmutations
  5571 | D:5      | Reached skill level 7 in Unarmed Combat
  5892 | D:5      | Found a shimmering altar of Xom.
  5938 | D:5      | Found a glowing golden altar of the Shining One.
  5940 | D:5      | Noticed an angel
  6073 | D:6      | Got a fine whip
  6074 | D:6      | Identified the +7 whip of Infinity {protect, *Corrode MR+++ SInv} (You found it on level 6 of the Dungeon)
  6389 | D:6      | Found a staircase to the Ecumenical Temple.
  6413 | Temple   | Entered the Ecumenical Temple
  6568 | Temple   | Became a worshipper of Cheibriados the Contemplative
  6610 | D:6      | Reached skill level 8 in Unarmed Combat
  6610 | D:6      | Reached XP level 9. HP: 51/54 MP: 14/14
  6660 | D:6      | Reached skill level 1 in Poison Magic
  7376 | D:7      | Found a burning altar of Makhleb.
  7626 | D:7      | Slain by a wyvern zombie

Skill      XL: |  1  2  3  4  5  6  7  8  9 |
---------------+----------------------------+-----
Unarmed Combat | 4 5 6 8 |  8.8
Stealth        | 1 2 3 4 5 6 |  6.0
Transmutations | 3 4 5 |  5.7
Dodging        | 3 |  3.7
Spellcasting   | 3 |  3.6
Poison Magic   | 1 |  1.0
Fighting       | |  1.8

Action                   |  1- 3 |  4- 6 |  7- 9 || total
-------------------------+-------+-------+-------++-------
Melee: Unarmed           |    85 |    64 |    83 ||   232
       Tentacles         |    18 |     9 |    15 ||    42
       Constrict         |    26 |    15 |    15 ||    56
       Punch             |     3 |     1 |     8 ||    12
       Kick              |     1 |     2 |     2 ||     5
       Whip              |       |       |    48 ||    48
 Cast: Beastly Appendage |     1 |     2 |     1 ||     4
       Sticks to Snakes  |       |    17 |     6 ||    23
       Spider Form       |       |       |     3 ||     3
  Use: Scroll            |     2 |     2 |     2 ||     6
 Stab: Sleeping          |     5 |     7 |     4 ||    16
  Eat: Chunk             |     3 |     4 |    15 ||    22
       Bread ration      |       |     1 |       ||     1
Armor: Skin              |     9 |     4 |    14 ||    27
Dodge: Dodged            |    43 |    32 |    95 ||   170
